| TOP OF THE 1ST |
|
Durham Bulls batting - Pitching for Scranton WB RailRiders : RHP Leo Gonzales
|
|
Pitching: RHP Leo Gonzales
|
|
|
Batting: RHB Sesto Carpini
|
0-0: Called Strike 0-1: DOUBLE (Groundball, 3L, EV 108.1 MPH)
|
|
Batting: RHB Alex Diaz
|
0-0: Ball 1-0: SINGLE (Groundball, 6MD, EV 100.6 MPH) Sesto Carpini to third
|
|
Batting: LHB Davion Lewis
|
0-0: Ball 1-0: Ball 2-0: Called Strike 2-1: Grounds into double play, 4-6-3 (Groundball, 4, EV 86.9 MPH) Sesto Carpini scores
|
|
Batting: RHB James Huddleston
|
0-0: Foul Ball, location: 2F 0-1: Ball 1-1: Ball 2-1: Ground out 5-3 (Groundball, 25, EV 83.1 MPH)
|
| Top of the 1st over - 1 run, 2 hits, 0 errors, 0 left on base; Durham 1 - Scranton WB 0 |
| BOTTOM OF THE 1ST |
|
Scranton WB RailRiders batting - Pitching for Durham Bulls : RHP Miguel Romero
|
|
Pitching: RHP Miguel Romero
|
|
|
Batting: SHB Jay Gagnon
|
0-0: Ball 1-0: Called Strike 1-1: Ball 2-1: Foul Ball, location: 2F 2-2: Strikes out looking
|
|
Batting: RHB Andy Wasierski
|
0-0: Fly out, F7 (Flyball, 78S, EV 89.4 MPH)
|
|
Batting: SHB Victor Ruiz
|
0-0: Ball 1-0: Ball 2-0: Called Strike 2-1: Ground out 4-3 (Groundball, 4, EV 87.5 MPH)
|
| Bottom of the 1st over - 0 runs, 0 hits, 0 errors, 0 left on base; Durham 1 - Scranton WB 0 |
| TOP OF THE 2ND |
|
Durham Bulls batting - Pitching for Scranton WB RailRiders : RHP Leo Gonzales
|
|
Batting: RHB Jose Arriola
|
0-0: Ball 1-0: Ground out 5-3 (Groundball, 5, EV 100.6 MPH)
|
|
Batting: RHB Kevin Benfield
|
0-0: Swinging Strike 0-1: Foul Ball, location: 2F 0-2: SINGLE (Groundball, 4M, EV 98.8 MPH) (infield hit)
|
|
Batting: RHB Antonio Pacheco
|
0-0: Swinging Strike 0-1: Ball 1-1: Ball 2-1: Called Strike 2-2: Strikes out looking
|
|
Batting: SHB Julio Hernandez
|
0-0: Called Strike 0-1: SINGLE (Groundball, 4MS, EV 75.6 MPH) (infield hit) Kevin Benfield to second
|
|
Batting: RHB Roberto Aispuro
|
0-0: Called Strike 0-1: Foul Ball, location: 2F 0-2: Ball 1-2: Foul Ball, location: 2F 1-2: SINGLE (Groundball, 56D, EV 101.9 MPH) Kevin Benfield to third Julio Hernandez to second Runner from 3rd tries for Home, SAFE, throw by LF to home
|
|
Batting: RHB Sesto Carpini
|
0-0: Foul Ball, location: 2F 0-1: Ball 1-1: Ball 2-1: SINGLE (Line Drive, 34D, EV 96.2 MPH) Julio Hernandez to third Roberto Aispuro to second Runner from 3rd tries for Home, SAFE, throw by RF to home
|
|
Batting: RHB Alex Diaz
|
0-0: Fielders Choice at 2nd, 6-4 (Groundball, 56, EV 86.9 MPH)
|
| Top of the 2nd over - 2 runs, 4 hits, 0 errors, 2 left on base; Durham 3 - Scranton WB 0 |
| BOTTOM OF THE 2ND |
|
Scranton WB RailRiders batting - Pitching for Durham Bulls : RHP Miguel Romero
|
|
Batting: SHB Ryan Buchbinder
|
0-0: Foul Ball, location: 2F 0-1: Ball 1-1: Swinging Strike 1-2: Ball 2-2: Ball 3-2: Foul Ball, location: 2F 3-2: Strikes out swinging
|
|
Batting: RHB Devon Utley
|
0-0: Ball 1-0: Called Strike 1-1: Fly out, F9 (Flyball, 9LD, EV 110.0 MPH)
|
|
Batting: LHB Jose Lebron
|
0-0: Ball 1-0: Ball 2-0: Foul Ball, location: 2F 2-1: Foul Ball, location: 2F 2-2: Strikes out looking
|
| Bottom of the 2nd over - 0 runs, 0 hits, 0 errors, 0 left on base; Durham 3 - Scranton WB 0 |
| TOP OF THE 3RD |
|
Durham Bulls batting - Pitching for Scranton WB RailRiders : RHP Leo Gonzales
|
|
Batting: LHB Davion Lewis
|
0-0: Foul Ball, location: 2F 0-1: Fly out, F7 (Flyball, 78S, EV 83.1 MPH)
|
|
Batting: RHB James Huddleston
|
0-0: Ball 1-0: SINGLE (Line Drive, 5D, EV 100.0 MPH)
|
|
Batting: RHB Jose Arriola
|
0-0: Foul Ball, location: 2F 0-1: Foul Ball, location: 2F 0-2: SINGLE (Groundball, 23, EV 67.5 MPH) (infield hit) James Huddleston to second
|
|
Batting: RHB Kevin Benfield
|
0-0: Called Strike 0-1: Swinging Strike 0-2: Foul Ball, location: 2F 0-2: Ball 1-2: Foul Ball, location: 2F 1-2: Ground out 6-3 (Groundball, 6MS, EV 68.8 MPH) James Huddleston to third Jose Arriola to second
|
|
Batting: RHB Antonio Pacheco
|
0-0: Ball Wild Pitch! James Huddleston scores Jose Arriola to third 1-0: Called Strike 1-1: Ball 2-1: Called Strike 2-2: Ground out 5-3 (Groundball, 56, EV 99.4 MPH)
|
| Top of the 3rd over - 1 run, 2 hits, 0 errors, 1 left on base; Durham 4 - Scranton WB 0 |
| BOTTOM OF THE 3RD |
|
Scranton WB RailRiders batting - Pitching for Durham Bulls : RHP Miguel Romero
|
|
Batting: RHB Alfredo Rodriguez
|
0-0: Ground out 6-3 (Groundball, 6, EV 78.1 MPH)
|
|
Batting: RHB Josh Zoglmann
|
0-0: Ball 1-0: SOLO HOME RUN (Flyball, 7LD, EV 95.0 MPH), Distance : 377 ft
|
|
Batting: RHB Mike Plugge
|
0-0: Swinging Strike 0-1: Ball 1-1: Fly out, F9 (Flyball, 89S, EV 84.4 MPH)
|
|
Batting: SHB Jay Gagnon
|
0-0: Foul Ball, location: 2F 0-1: Ball 1-1: Ball 2-1: SOLO HOME RUN (Flyball, 9LD, EV 97.5 MPH), Distance : 370 ft
|
|
Batting: RHB Andy Wasierski
|
0-0: Ball 1-0: Called Strike 1-1: Ball 2-1: Foul Ball, location: 2F 2-2: Foul Ball, location: 2F 2-2: Foul Ball, location: 2F 2-2: SINGLE (Line Drive, 78S, EV 101.2 MPH)
|
|
Batting: SHB Victor Ruiz
|
0-0: Ball 1-0: Called Strike 1-1: Foul Ball, location: 2F 1-2: Ball 2-2: Foul Ball, location: 2F 2-2: Ground out 4-3 (Groundball, 34, EV 105.6 MPH)
|
| Bottom of the 3rd over - 2 runs, 3 hits, 0 errors, 1 left on base; Durham 4 - Scranton WB 2 |
| TOP OF THE 4TH |
|
Durham Bulls batting - Pitching for Scranton WB RailRiders : RHP Leo Gonzales
|
|
Batting: SHB Julio Hernandez
|
0-0: Called Strike 0-1: Fly out, F8 (Flyball, 8RD, EV 85.0 MPH)
|
|
Batting: RHB Roberto Aispuro
|
0-0: Ground out U3 (Groundball, 3, EV 82.5 MPH)
|
|
Batting: RHB Sesto Carpini
|
0-0: Called Strike 0-1: Swinging Strike 0-2: Ball 1-2: Ball 2-2: Ball 3-2: Ground out 3-1 (Groundball, 34, EV 84.4 MPH)
|
| Top of the 4th over - 0 runs, 0 hits, 0 errors, 0 left on base; Durham 4 - Scranton WB 2 |
| BOTTOM OF THE 4TH |
|
Scranton WB RailRiders batting - Pitching for Durham Bulls : RHP Miguel Romero
|
|
Batting: SHB Ryan Buchbinder
|
0-0: Ball 1-0: Ground out 3-1 (Groundball, 34, EV 81.2 MPH)
|
|
Batting: RHB Devon Utley
|
0-0: Ball 1-0: Ball 2-0: Ball 3-0: Called Strike 3-1: Base on Balls
|
|
Batting: LHB Jose Lebron
|
0-0: Called Strike 0-1: Ball Devon Utley steals 2nd base 1-1: Ground out 4-3 (Groundball, 4, EV 84.4 MPH) Devon Utley to third
|
|
Batting: RHB Alfredo Rodriguez
|
0-0: Foul Ball, location: 2F 0-1: Swinging Strike 0-2: Ball 1-2: Ball 2-2: Foul Ball, location: 2F 2-2: Foul Ball, location: 2F 2-2: Ball 3-2: Fly out, F8 (Line Drive, 89D, EV 91.9 MPH)
|
| Bottom of the 4th over - 0 runs, 0 hits, 0 errors, 1 left on base; Durham 4 - Scranton WB 2 |
| TOP OF THE 5TH |
|
Durham Bulls batting - Pitching for Scranton WB RailRiders : RHP Leo Gonzales
|
|
Batting: RHB Alex Diaz
|
0-0: Called Strike 0-1: Called Strike 0-2: Ball 1-2: Ground out 6-3 (Groundball, 56, EV 82.5 MPH)
|
|
Batting: LHB Davion Lewis
|
0-0: Ball 1-0: Ball 2-0: Fly out, F9 (Flyball, 9, EV 88.1 MPH)
|
|
Batting: RHB James Huddleston
|
0-0: Ball 1-0: Foul Ball, location: 2F 1-1: Called Strike 1-2: SOLO HOME RUN (Line Drive, 9D, EV 103.1 MPH), Distance : 378 ft
|
|
Pitching: RHP Whitney Batten
|
|
|
Batting: RHB Jose Arriola
|
0-0: Swinging Strike 0-1: Fly out, F9 (Flyball, 9, EV 76.2 MPH)
|
| Top of the 5th over - 1 run, 1 hit, 0 errors, 0 left on base; Durham 5 - Scranton WB 2 |
| BOTTOM OF THE 5TH |
|
Scranton WB RailRiders batting - Pitching for Durham Bulls : RHP Miguel Romero
|
|
Batting: RHB Josh Zoglmann
|
0-0: Ball 1-0: Ball 2-0: Called Strike 2-1: Called Strike 2-2: Foul Ball, location: 2F 2-2: Fly out, F9 (Flyball, 89S, EV 96.2 MPH)
|
|
Batting: RHB Mike Plugge
|
0-0: Ball 1-0: Fly out, F5 (Line Drive, 56, EV 106.2 MPH)
|
|
Batting: SHB Jay Gagnon
|
0-0: Ball 1-0: Ball 2-0: Ball 3-0: Called Strike 3-1: Fly out, F8 (Line Drive, 89M, EV 86.9 MPH)
|
| Bottom of the 5th over - 0 runs, 0 hits, 0 errors, 0 left on base; Durham 5 - Scranton WB 2 |
| TOP OF THE 6TH |
|
Durham Bulls batting - Pitching for Scranton WB RailRiders : RHP Whitney Batten
|
|
Batting: RHB Kevin Benfield
|
0-0: Ball 1-0: Ball 2-0: Called Strike 2-1: Ball 3-1: DOUBLE (Flyball, 8LXD, EV 109.4 MPH)
|
|
Batting: RHB Antonio Pacheco
|
0-0: Called Strike 0-1: Swinging Strike 0-2: Ball 1-2: Foul Ball, location: 2F 1-2: Foul Ball, location: 2F 1-2: Foul Ball, location: 2F 1-2: Strikes out swinging
|
|
Batting: SHB Julio Hernandez
|
0-0: Called Strike 0-1: Ground out 2-3 (Groundball, 2L, EV 69.4 MPH) Kevin Benfield to third
|
|
Batting: RHB Roberto Aispuro
|
0-0: Ball 1-0: Called Strike 1-1: Foul Ball, location: 2F 1-2: Foul Ball, location: 2F 1-2: Foul Ball, location: 2F 1-2: Strikes out swinging
|
| Top of the 6th over - 0 runs, 1 hit, 0 errors, 1 left on base; Durham 5 - Scranton WB 2 |
| BOTTOM OF THE 6TH |
|
Scranton WB RailRiders batting - Pitching for Durham Bulls : RHP Miguel Romero
|
|
Batting: RHB Andy Wasierski
|
0-0: Foul Ball, location: 2F 0-1: Ball 1-1: Ground out U3 (Groundball, 34, EV 86.2 MPH)
|
|
Batting: SHB Victor Ruiz
|
0-0: Called Strike 0-1: Swinging Strike 0-2: Strikes out looking
|
|
Batting: SHB Ryan Buchbinder
|
0-0: Ball 1-0: Called Strike 1-1: Ground out 4-3 (Groundball, 4, EV 83.1 MPH)
|
| Bottom of the 6th over - 0 runs, 0 hits, 0 errors, 0 left on base; Durham 5 - Scranton WB 2 |
| TOP OF THE 7TH |
|
Durham Bulls batting - Pitching for Scranton WB RailRiders : RHP Whitney Batten
|
|
Batting: RHB Sesto Carpini
|
0-0: Foul Ball, location: 2F 0-1: Foul Ball, location: 2F 0-2: Ball 1-2: Fly out, F5 (Line Drive, 5, EV 69.4 MPH)
|
|
Batting: RHB Alex Diaz
|
0-0: Ball 1-0: Foul Ball, location: 2F 1-1: Foul Ball, location: 2F 1-2: Ball 2-2: Ball 3-2: Ground out 6-3 (Groundball, 6, EV 91.9 MPH)
|
|
Batting: LHB Davion Lewis
|
0-0: Called Strike 0-1: Ground out U3 (Groundball, 3L, EV 82.5 MPH)
|
| Top of the 7th over - 0 runs, 0 hits, 0 errors, 0 left on base; Durham 5 - Scranton WB 2 |
| BOTTOM OF THE 7TH |
|
Scranton WB RailRiders batting - Pitching for Durham Bulls : RHP Miguel Romero
|
|
Batting: RHB Devon Utley
|
0-0: Called Strike 0-1: Swinging Strike 0-2: SINGLE (Line Drive, 78S, EV 106.9 MPH)
|
|
Batting: LHB Jose Lebron
|
0-0: Ball 1-0: Ball Devon Utley steals 2nd base 2-0: Called Strike 2-1: SINGLE (Line Drive, 7LS, EV 93.8 MPH) Devon Utley to third Runner from 3rd tries for Home, SAFE, throw by LF to home
|
|
Pitching: RHP Luis Cubero
|
|
|
Batting: RHB Alfredo Rodriguez
|
0-0: Ball 1-0: Ball 2-0: Foul Ball, location: 2F 2-1: Ball 3-1: Foul Ball, location: 2F 3-2: Foul Ball, location: 2F 3-2: Fly out, F8 (Line Drive, 78M, EV 85.0 MPH)
|
|
Batting: RHB Josh Zoglmann
|
0-0: Called Strike 0-1: Swinging Strike 0-2: Strikes out swinging
|
|
Pinch Hitting: SHB Jose Vargas
|
0-0: Called Strike 0-1: Called Strike 0-2: Fly out, F8 (Flyball, 8LD, EV 103.8 MPH)
|
| Bottom of the 7th over - 1 run, 2 hits, 0 errors, 1 left on base; Durham 5 - Scranton WB 3 |
| TOP OF THE 8TH |
|
Durham Bulls batting - Pitching for Scranton WB RailRiders : RHP Whitney Batten
|
|
Pitching: RHP Eric Aguilar
|
|
|
Now at 3B: Jose Vargas
|
|
|
Batting: RHB James Huddleston
|
0-0: Called Strike 0-1: Ball 1-1: Foul Ball, location: 2F 1-2: Ground out 6-3 (Groundball, 6, EV 100.0 MPH)
|
|
Batting: RHB Jose Arriola
|
0-0: Ground out 6-3 (Groundball, 56, EV 81.9 MPH)
|
|
Batting: RHB Kevin Benfield
|
0-0: Ball 1-0: Fly out, F7 (Flyball, 7LD, EV 102.5 MPH)
|
| Top of the 8th over - 0 runs, 0 hits, 0 errors, 0 left on base; Durham 5 - Scranton WB 3 |
| BOTTOM OF THE 8TH |
|
Scranton WB RailRiders batting - Pitching for Durham Bulls : RHP Luis Cubero
|
|
Batting: SHB Jay Gagnon
|
0-0: Called Strike 0-1: Called Strike 0-2: Foul Ball, location: 2F 0-2: Ball 1-2: Foul Ball, location: 2F 1-2: Fly out, F7 (Line Drive, 78M, EV 108.1 MPH)
|
|
Pinch Hitting: LHB Aaron Joyner
|
0-0: Ball 1-0: Foul Ball, location: 2F 1-1: Fly out, F8 (Flyball, 8LM, EV 88.8 MPH)
|
|
Batting: SHB Victor Ruiz
|
0-0: Called Strike 0-1: Ball 1-1: Ball 2-1: Swinging Strike 2-2: Foul Ball, location: 2F 2-2: Ball 3-2: Base on Balls
|
|
Batting: SHB Ryan Buchbinder
|
0-0: Called Strike 0-1: Ball 1-1: Swinging Strike 1-2: Fielders Choice at 2nd, 6-4 (Groundball, 56, EV 106.2 MPH)
|
| Bottom of the 8th over - 0 runs, 0 hits, 0 errors, 1 left on base; Durham 5 - Scranton WB 3 |
| TOP OF THE 9TH |
|
Durham Bulls batting - Pitching for Scranton WB RailRiders : RHP Eric Aguilar
|
|
Now at 2B: Jose Vargas
|
|
|
Now at 3B: Eric Davis
|
|
|
Batting: RHB Antonio Pacheco
|
0-0: Called Strike 0-1: Ball 1-1: Ball 2-1: Foul Ball, location: 2F 2-2: Fly out, F7 (Flyball, 7D, EV 93.1 MPH)
|
|
Batting: SHB Julio Hernandez
|
0-0: Ball 1-0: Foul Ball, location: 2F 1-1: Ball 2-1: Ball 3-1: Called Strike 3-2: Foul Ball, location: 2F 3-2: Strikes out looking
|
|
Batting: RHB Roberto Aispuro
|
0-0: Swinging Strike 0-1: Ball 1-1: Ball 2-1: Ball 3-1: Base on Balls
|
|
Batting: RHB Sesto Carpini
|
0-0: Swinging Strike 0-1: Foul Ball, location: 2F 0-2: Strikes out swinging
|
| Top of the 9th over - 0 runs, 0 hits, 0 errors, 1 left on base; Durham 5 - Scranton WB 3 |
| BOTTOM OF THE 9TH |
|
Scranton WB RailRiders batting - Pitching for Durham Bulls : RHP Luis Cubero
|
|
Pitching: RHP Cody Wilharm
|
|
|
Batting: RHB Devon Utley
|
0-0: Called Strike 0-1: Ball 1-1: Called Strike 1-2: Ball 2-2: Foul Ball, location: 2F 2-2: Foul Ball, location: 2F 2-2: Strikes out looking
|
|
Batting: LHB Jose Lebron
|
0-0: Ball 1-0: SINGLE (Flyball, 78S, EV 92.5 MPH)
|
|
Batting: RHB Alfredo Rodriguez
|
0-0: Called Strike 0-1: Ball 1-1: Called Strike 1-2: Strikes out looking
|
|
Batting: RHB Josh Zoglmann
|
0-0: Ball 1-0: Ball 2-0: Called Strike 2-1: Ball 3-1: DOUBLE (Groundball, 5L, EV 105.6 MPH) Jose Lebron to third
|
|
Batting: SHB Jose Vargas
|
0-0: Foul Ball, location: 2F 0-1: Ball 1-1: Swinging Strike 1-2: Ball 2-2: Ball 3-2: Foul Ball, location: 2F 3-2: Strikes out looking
|
| Bottom of the 9th over - 0 runs, 2 hits, 0 errors, 2 left on base; Durham 5 - Scranton WB 3 |
|